Map: Sequencer LE

Players

INnoVation - Winner!

  • Race: Terran Terran
  • Spawn Location: 7:00

Trust

  • Race: Protoss Protoss
  • League: Diamond
  • Spawn Location: 1:00

VOD

Have the link to the VOD?

Description

innovation trust

Time

  • Played on: July 27, 2017, 10:21 p.m.
  • Length: 9:40
Show
View Real Time Build Order
Export as new Build Order

INnoVation Terran - Winner!

Build Orders: Cyclone Opening, Reaper Expand, MMM Bio 

Get SALT Encoding   

  12  0:00  SCV  
  13  0:12  SCV  
  14  0:17  Supply Depot  
  14  0:24  SCV  
  14  0:27  Refinery  
  15  0:38  SCV  
  16  0:44  Barracks  
  16  0:50  SCV  
  17  1:02  SCV  
  18  1:14  SCV  
  19  1:30  Orbital Command  
  19  1:31  Reaper  
  20  1:43  Command Center  
  20  1:53  Factory  
  20  1:57  SCV  
  21  2:05  Barracks Reactor  
  21  2:09  SCV  
  21  2:13  Supply Depot  
  22  2:17  Refinery  
  22  2:21  SCV  
  22  2:37  SCV  
  22  2:42  Cyclone  
  22  2:43  Marine x2  
  28  2:49  SCV  
  29  2:54  Orbital Command  
  29  3:00  Marine  
  29  3:01  Marine  
  29  3:04  SCV  
  32  3:14  Cyclone  
  32  3:18  Marine x2  
  37  3:24  Starport  
  37  3:25  SCV x2  
  39  3:31  Supply Depot  
  39  3:36  Marine x2  
  39  3:40  SCV x2  
  40  3:50  Widow Mine  
  40  3:52  SCV x2  
  40  3:54  Marine x2  
  45  4:01  Supply Depot  
  45  4:04  SCV  
  45  4:05  SCV  
  45  4:06  Medivac  
  49  4:11  Engineering Bay  
  49  4:13  Marine x2  
  51  4:22  SCV x2  
  44  4:24  Widow Mine, Liberator  
  44  4:33  Marine x2  
  44  4:34  SCV x2  
  48  4:41  Bunker  
  48  4:50  SCV  
  48  4:51  Marine x2  
  48  4:52  SCV  
  49  5:00  Cyclone  
  49  5:05  SCV x2  
  54  5:07  Liberator  
  54  5:11  Marine x2  
  50  5:17  SCV x2  
  55  5:29  Marine x2  
  55  5:31  Supply Depot  
  55  5:33  SCV x2  
  59  5:37  Factory Tech Lab  
  59  5:45  SCV x2  
  59  5:47  Marine  
  59  5:49  Barracks  
  62  5:52  Marine  
  63  5:59  SCV x2  
  63  6:01  Barracks  
  65  6:07  Marine  
  65  6:10  Marine  
  65  6:11  SCV x2  
  66  6:14  Factory Tech Lab  
  66  6:17  Starport Reactor  
  66  6:23  SCV x2  
  66  6:25  Marine  
  69  6:27  Terran Infantry Weapons Level 1  
  69  6:28  Marine  
  69  6:32  Refinery, Supply Depot  
  70  6:36  Supply Depot, SCV x2  
  72  6:45  Stimpack  
  72  6:46  Factory Reactor  
  72  6:47  Marine x2  
  72  6:49  SCV x2  
  72  6:50  Refinery, Marauder  
  78  6:55  Supply Depot  
  78  6:57  Marauder  
  78  7:01  Medivac x2, SCV x2  
  86  7:06  Supply Depot  
  86  7:07  Marine x2  
  88  7:14  SCV x2  
  90  7:25  Combat Shields, Marauder x2  
  90  7:26  Widow Mine x2  
  98  7:30  Supply Depot, SCV x2  
  98  7:32  Marine  
  98  7:33  Marine  
  98  7:36  Medivac  
  104  7:43  Supply Depot  
  104  7:44  Missile Turret x2  
  104  7:47  Medivac  
  104  7:50  Liberator  
  103  7:55  Marauder x2  
  103  7:56  Marine x2  
  109  8:01  Widow Mine x2  
  113  8:06  Supply Depot  
  113  8:09  Liberator  
  116  8:14  Supply Depot  
  116  8:17  Marauder  
  116  8:18  Marine x2, Marauder  
  114  8:33  Widow Mine  
  114  8:35  Widow Mine  
  114  8:38  Marine  
  114  8:39  Marine  
  120  8:44  Concussive Shells  
  120  8:46  Marauder  
  122  8:54  Medivac  
  118  8:57  Marine x2, Marauder  
  118  9:02  Command Center  
  114  9:07  Marauder  
  114  9:09  Medivac  
  112  9:18  Marine x2, Marauder  
  114  9:29  Barracks  
  114  9:32  Barracks  
Show
View Real Time Build Order
Export as new Build Order

Trust Protoss 

Build Orders: Oracle Opening 

Get SALT Encoding   

  12  0:07  Pylon  
  12  0:13  Probe (Chrono Boost)  
  13  0:26  Gateway  
  13  0:29  Probe (Chrono Boost)  
  14  0:35  Assimilator  
  14  0:41  Probe (Chrono Boost)  
  15  0:46  Assimilator  
  15  0:51  Probe (Chrono Boost)  
  16  1:02  Probe (Chrono Boost)  
  17  1:12  Probe (Chrono Boost)  
  17  1:13  Cybernetics Core  
  18  1:23  Probe (Chrono Boost)  
  19  1:30  Pylon  
  19  1:33  Probe (Chrono Boost)  
  20  1:44  Probe (Chrono Boost)  
  21  1:49  Stargate  
  21  1:54  Probe (Chrono Boost)  
  21  1:59  Adept (Chrono Boost)  
  24  2:06  Probe, Warp Gate (Chrono Boost)  
  25  2:34  Oracle (Chrono Boost)  
  28  2:44  Nexus  
  28  2:53  Pylon  
  31  3:05  Oracle (Chrono Boost)  
  31  3:29  Gateway  
  31  3:30  Gateway  
  31  3:32  Adept  
  33  3:38  Oracle (Chrono Boost)  
  34  3:49  Probe  
  35  3:55  Probe  
  35  4:01  Probe  
  37  4:06  Probe  
  37  4:09  Adept  
  40  4:13  Probe  
  40  4:17  Probe  
  41  4:21  Oracle (Chrono Boost)  
  39  4:26  Probe  
  39  4:27  Probe  
  41  4:38  Probe x2  
  43  4:48  Probe (Chrono Boost)  
  43  4:50  Probe (Chrono Boost)  
  45  4:54  Nexus  
  45  5:00  Probe (Chrono Boost)  
  45  5:02  Probe (Chrono Boost)  
  47  5:11  Probe (Chrono Boost)  
  48  5:17  Probe (Chrono Boost)  
  46  5:22  Twilight Council, Probe (Chrono Boost), Forge  
  46  5:24  Assimilator  
  46  5:25  Pylon, Assimilator  
  47  5:30  Probe (Chrono Boost)  
  47  5:32  Probe (Chrono Boost), Sentry x2  
  53  5:36  Pylon  
  53  5:45  Probe (Chrono Boost), Mothership Core (Chrono Boost)  
  56  5:54  Stalker  
  56  5:55  Stalker x2  
  56  5:56  Probe (Chrono Boost)  
  61  6:09  Probe x2 (Chrono Boost)  
  61  6:13  Protoss Ground Weapons Level 1 (Chrono Boost)  
  61  6:14  Probe (Chrono Boost)  
  62  6:20  Probe (Chrono Boost)  
  62  6:21  Probe (Chrono Boost)  
  62  6:22  Blink (Chrono Boost)  
  62  6:24  Probe (Chrono Boost)  
  61  6:30  Probe x2  
  63  6:33  Pylon  
  63  6:36  Probe  
  63  6:38  Robotics Facility  
  64  6:40  Stalker  
  64  6:41  Probe  
  66  6:52  Gateway  
  66  6:53  Stalker  
  69  6:54  Stalker  
  69  7:07  Gateway  
  69  7:09  Probe  
  69  7:10  Gateway, Probe x2  
  69  7:11  Sentry  
  69  7:13  Pylon  
  74  7:19  Probe  
  74  7:22  Probe  
  76  7:27  Pylon, Probe  
  76  7:29  Observer (Chrono Boost)  
  78  7:31  Probe  
  78  7:34  Probe  
  78  7:36  Assimilator  
  80  7:39  Probe  
  80  7:40  Assimilator  
  80  7:42  Stalker  
  80  7:43  Stalker, Probe  
  84  7:46  Probe  
  84  7:50  Warp Prism (Chrono Boost)  
  85  7:59  Sentry  
  85  8:00  Probe x2  
  85  8:02  Stalker  
  85  8:03  Stalker  
  93  8:07  Pylon  
  93  8:09  Stalker x2, Pylon  
  97  8:15  Stalker  
  99  8:27  Stalker x2, Sentry  
  99  8:30  Gateway  
  99  8:31  Gateway  
  105  8:34  Adept  
  105  8:35  Adept  
  109  8:45  Observer (Chrono Boost)  
  108  8:54  Adept x4  
  109  8:58  Stalker x2  
  87  9:16  Stalker x2  
  87  9:17  Stalker x2  
Tags
 
Add a new tag
Caveats
  • Supply blocks, unpowered buildings, or Contaminate may cause inaccurate times.
  • Supply counts are checked every 10 seconds.